 Dungeon Crawl Stone Soup version 0.30-a0-358-g0d69a1922f (webtiles) character file.

Game seed: 9452721302707102878

1540 ryw the Caller (level 8, 0/46 HPs)
             Began as a Deep Elf Summoner on Nov 9, 2022.
             Was an Initiate of Gozag.
             Succumbed to a water moccasin's poison
             ... on level 6 of the Dungeon.
             The game lasted 00:18:13 (6368 turns).

ryw the Caller (Deep Elf Summoner)                  Turns: 6368, Time: 00:18:13

Health: 0/46       AC:  4    Str:  5    XL:     8   Next: 56%
Magic:  2/19       EV: 14    Int: 23    God:    Gozag
Gold:   511        SH:  0    Dex: 15    Spells: 2/20 levels left

rFire   . . .      SeeInvis .    n - +4 short sword (venom)
rCold   . . .      Faith    .    (no shield)
rNeg    + . .      Spirit   .    a - +0 robe
rPois   .          Reflect  .    g - +0 helmet
rElec   .          Harm     .    i - +0 cloak
rCorr   .          Rampage  .    (no gloves)
Will    .....                    (no boots)
Stlth   ++........               (no amulet)
HPRegen 0.27/turn                k - ring of positive energy
MPRegen 0.16/turn                (no ring)

@: lethally poisoned (0 -> -7)
A: no striking features
a: Renounce Religion, Potion Petition, Call Merchant, Bribe Branch


You were on level 6 of the Dungeon.
You worshipped Gozag.
Gozag was pleased with you.
You visited 2 branches of the dungeon, and saw 7 of its levels.

You collected 614 gold pieces.
You spent 49 gold pieces at shops.
You paid 54 gold pieces to Gozag.

Inventory:

Hand Weapons
 n - a +4 short sword of venom (weapon)
Armour
 a - a +0 robe (worn)
 g - a +0 helmet (worn)
 i - a +0 cloak (worn)
Jewellery
 c - a ring of flight
 k - a ring of positive energy (left hand)
Scrolls
 f - 2 scrolls of teleportation
 p - a scroll of immolation {unknown}
Potions
 b - a potion of magic
 d - 3 potions of brilliance
 e - 2 potions of curing
 h - a potion of attraction {unknown}
 j - 2 potions of ambrosia {unknown}
 l - a potion of haste {unknown}
 m - 2 potions of lignification {unknown}
 o - a potion of heal wounds {unknown}


   Skills:
 + Level 3.4 Fighting
 + Level 5.7 Dodging
 - Level 2.4 Stealth
 + Level 6.5 Spellcasting
 - Level 5.0 Hexes
 + Level 6.6 Summonings
 + Level 2.8 Translocations
 + Level 3.1 Air Magic


You had 2 spell levels left.
You knew the following spells:

 Your Spells              Type           Power      Damage    Failure   Level
a - Summon Small Mammal   Summ           100%       N/A       1%          1
b - Call Imp              Summ           38%        N/A       1%          2
c - Call Canine Familiar  Summ           38%        N/A       1%          3
d - Summon Guardian Gole  Hex/Summ       34%        N/A       2%          3
e - Summon Lightning Spi  Summ/Air       30%        N/A       11%         4
l - Blink                 Tloc           40%        N/A       3%          2
s - Swiftness             Air            21%        N/A       7%          3

Your spell library contained the following spells:

 Spells                   Type           Power      Damage    Failure   Level
 Shock                    Conj/Air       56%        1d6       4%          1
 Momentum Strike          Conj/Tloc      28%        3d8       7%          2
 Sandblast                Erth           14%        2d6       9%          1
 Passwall                 Tmut/Erth      5%         N/A       12%         2
 Lesser Beckoning         Tloc           40%        N/A       8%          3
 Airstrike                Air            10%        2d(2-18)  22%         4
 Stone Arrow              Conj/Erth      14%        3d7       24%         3


Dungeon Overview and Level Annotations

Branches:
Dungeon (6/15)             Temple (1/1) D:4

Altars:
Ashenzari
Cheibriados
Dithmenos
Elyvilon
Fedhas
Gozag
Kikubaaqudgha
Makhleb
Nemelex Xobeh
Okawaru
Qazlal
Ru
Sif Muna
Trog
Uskayaw
Vehumet
Yredelemnul
The Shining One

Shops:
D:1 *   D:4 :

Annotations:
D:5 2 transporters


Message History

You swap places.
Your hound bites the water moccasin.
The water moccasin bites your hound.
Your hound bites the water moccasin.
Your crimson imp misses the water moccasin.
The water moccasin bites your hound.
Your hound barely misses the water moccasin.
The water moccasin bites your hound!
Your hound is poisoned.
The water moccasin poisons your hound!
Your hound barely misses the water moccasin.
The water moccasin bites your hound.
Your hound dies!
Your hound's corpse disappears in a puff of smoke!
Your crimson imp barely misses the water moccasin.
Your crimson imp blinks!
Casting: Call Imp (safe; 1% risk of failure)
Confirm with . or Enter, or press ? or * to list all spells.
The water moccasin bites you.
* * * LOW HITPOINT WARNING * * *
You are lethally poisoned!
The water moccasin poisons you!
You swap places.
* * * LOW HITPOINT WARNING * * *
You feel very sick.
Your hound bites the water moccasin.
The water moccasin barely misses your hound.
Your guardian golem is destroyed!
Your guardian golem disappears in a puff of smoke!
* * * LOW HITPOINT WARNING * * *
You feel sick.
Your hound closely misses the water moccasin.
The water moccasin bites your hound but does no damage.
Your hound barely misses the water moccasin.
There is a stone staircase leading up here.
* * * LOW HITPOINT WARNING * * *
You feel sick.
The water moccasin barely misses your hound.
Your hound closely misses the water moccasin.
The water moccasin misses your hound.
You die...
Your body crumbles into a pile of gold.

#.............# ##..##
#....... #.#...(.>..####
##..###.######
##..<.)......# ##..h..#
### ##.......)))..#
###9#.## #..
#..#........^.# ##.#..#
#.. #<##.....)....#
##Sz##s# #..
..##.......)..#
#..###)###..
#####......).#########5##
#.S##..
##.......)[.@.hS...#
##.z.9.
#######.###########
###zh. ...# #..zz #.####
...#l. .. ...z§§. ##
#....l.§§ ####.....
#..#..


You could see a water moccasin (distracted, ally target), a friendly hound
(summoned) and a friendly crimson imp (summoned).

Vanquished Creatures
  A phantom (D:5)
  A necrophage (D:5)
  2 adders
  A worm (D:5)
  6 orcs
  A bat (D:1)
  An endoplasm (D:3)
  2 goblins
  2 kobolds
  5 ball pythons
  A rat (D:3)
23 creatures vanquished.

Vanquished Creatures (collateral kills)
  A black bear (D:5)
  An ice beast (D:4)
  A kobold brigand (D:6)
  2 scorpions (D:6)
  A wight (D:6)
  Dowan (D:4)
  A howler monkey (D:5)
  2 hounds (D:5)
  A jelly (D:6)
  4 orc priests
  A gnoll bouda (D:5)
  2 iguanas (D:5)
  4 orc wizards
  A gnoll (D:5)
  4 adders
  A white imp (D:5)
  A worm (D:2)
  4 dart slugs
  22 orcs
  2 bats
  4 endoplasms
  2 giant cockroaches (D:1)
  4 hobgoblins
  15 kobolds
  7 ball pythons
  7 goblins
  3 rats
99 creatures vanquished.

Vanquished Creatures (others)
  Edmund (D:6)
  Duvessa (D:4)
  An ogre (D:4)
  2 gnolls (D:5)
  6 fungi (D:4)
11 creatures vanquished.

Grand Total: 133 creatures vanquished

Notes
Turn   | Place    | Note
-------+----------+-------------------------------------------
     0 | D:1      | ryw the Deep Elf Summoner began the quest for the Orb.
     0 | D:1      | Reached XP level 1. HP: 10/10 MP: 6/6
   181 | D:1      | Reached XP level 2. HP: 16/16 MP: 4/8
   184 | D:1      | Learned a level 2 spell: Call Imp
   762 | D:1      | Found Saffogox's General Store.
   775 | D:1      | Bought a +0 helmet for 49 gold pieces
   861 | D:2      | Reached XP level 3. HP: 20/20 MP: 7/10
   865 | D:2      | Learned a level 3 spell: Call Canine Familiar
   869 | D:2      | Learned a level 3 spell: Summon Guardian Golem
  1074 | D:2      | Reached skill level 1 in Fighting
  1340 | D:2      | Reached skill level 1 in Hexes
  1400 | D:2      | Reached XP level 4. HP: 25/25 MP: 7/11
  1518 | D:2      | Found a blossoming altar of Fedhas.
  1712 | D:3      | Reached skill level 5 in Summonings
  1889 | D:3      | Reached XP level 5. HP: 29/29 MP: 13/13
  2555 | D:4      | Found a staircase to the Ecumenical Temple.
  2561 | Temple   | Entered the Ecumenical Temple
  2764 | Temple   | Became a worshipper of Gozag Ym Sagoz the Greedy
  2818 | D:4      | Found Tiujahas's Self-Improvement Boutique.
  2836 | D:4      | Noticed Duvessa
  2836 | D:4      | Noticed Dowan
  2849 | D:4      | Killed Duvessa
  2850 | D:4      | Reached XP level 6. HP: 35/35 MP: 8/15
  2873 | D:4      | Killed Dowan
  3038 | D:4      | Learned a level 4 spell: Summon Lightning Spire
  3291 | D:4      | Reached skill level 5 in Spellcasting
  3583 | D:4      | Noticed an ice beast
  3598 | D:4      | Killed an ice beast
  3599 | D:4      | Reached skill level 1 in Air Magic
  3725 | D:4      | Reached XP level 7. HP: 40/40 MP: 6/17
  4167 | D:4      | Learned a level 2 spell: Blink
  4168 | D:5      | Entered Level 5 of the Dungeon
  4168 | D:5      | Found a transporter.
  4221 | D:5      | Found a transporter.
  4667 | D:5      | Reached skill level 1 in Translocations
  4896 | D:5      | Reached skill level 5 in Dodging
  5098 | D:5      | Found a sacrificial altar of Ru.
  5668 | D:6      | Reached XP level 8. HP: 38/46 MP: 11/18
  5724 | D:6      | Noticed Edmund
  5734 | D:6      | Killed Edmund
  6189 | D:6      | Reached skill level 5 in Hexes
  6215 | D:6      | Learned a level 3 spell: Swiftness
  6334 | D:6      | Found a shadowy altar of Dithmenos.
  6367 | D:6      | HP: 1/46 [poisoned by a water moccasin]
  6368 | D:6      | Succumbed to a water moccasin's poison

Illustrated notes

Levels and vault maps discovered:
D:1:      onia_arrival_mini_spirals, layout_rooms, serial_shops, shop
D:2:      layout_rooms, serial_corexii_hall, corexii_hall_statues_x,
          corexii_hall_statues_l, basic_altar, guppyfry_early_orc_mine
D:3:      layout_basic, minmay_misc_feat_pillars
D:4:      layout_basic, minmay_temple_entry_wispy, serial_aquarium,
          aquarium_bridge_straight [aquarium_subvault_bridge,
          aquarium_subvault_wall, aquarium_subvault_bridge,
          aquarium_subvault_window], aquarium_bridge_square
          [aquarium_subvault_wall, aquarium_subvault_bridge,
          aquarium_subvault_bridge, aquarium_subvault_bridge],
          aquarium_window_2, aquarium_window_3, aquarium_view_2a,
          nicolae_shop_self_help, uniq_duvessa
D:5:      gammafunk_steamed_eel, layout_layer_cave,
          mainiacjoe_overflow_surrounded_room
D:6:      layout_rooms, grunt_dithmenos_smoke, uniq_edmund
Temple:   nicolae_temple_slightly_damp_pantheon

Skill      XL: |  1  2  3  4  5  6  7  8 |
---------------+-------------------------+-----
Dodging        | 3 4 5 |  5.7
Fighting       | 1 2 3 |  3.4
Hexes          | 1 2 3 4 5 |  5.0
Spellcasting   | 4 5 6 |  6.5
Summonings     | 5 6 |  6.6
Air Magic      | 1 2 3 |  3.1
Translocations | 1 2 |  2.8
Stealth        | |  2.4

Action                   |  1- 3 |  4- 6 |  7- 9 || total
-------------------------+-------+-------+-------++-------
Melee: Dagger            |    12 |       |       ||    12
       Short sword       |     4 |    16 |    42 ||    62
       Punch             |       |       |     1 ||     1
 Cast: Summon Small Mamm |    30 |    15 |     6 ||    51
       Call Imp          |    16 |    18 |    18 ||    52
       Call Canine Famil |     5 |    16 |    23 ||    44
       Summon Guardian G |       |     5 |     7 ||    12
       Blink             |       |       |     3 ||     3
       Summon Lightning  |       |       |     1 ||     1
  Use: Scroll            |     1 |     5 |       ||     6
       Potion            |       |       |     1 ||     1
 Stab: Sleeping          |       |     1 |       ||     1
       Distracted        |       |       |     2 ||     2
Armor: Robe              |     9 |     3 |    13 ||    25
Dodge: Dodged            |    39 |    14 |    58 ||   111

Table legend: (Time is in decaauts)
 A = Elapsed time spent in this place.
 B = Non-inter-level travel time spent in this place.
 C = Inter-level travel time spent in this place.
 D = Time resting spent in this place.
 E = Time spent auto-exploring this place.
 F = Levels seen in this place.
 G = Mean time per level.
                   A        B        C        D        E       F      G
               +--------+--------+--------+--------+--------+-----+--------+
         Total |   6379 |   6059 |    320 |    468 |   4271 |   7 |  911.3 |
       Dungeon |   6156 |   5889 |    267 |    468 |   4120 |   6 | 1026.0 |
        Temple |    222 |    169 |     53 |      0 |    151 |   1 |  222.0 |
               +--------+--------+--------+--------+--------+-----+--------+

Top non-repeatable levels by time:
     D:5: 1774 daAuts
     D:4: 1422 daAuts
     D:3: 904 daAuts
     D:1: 825 daAuts
     D:2: 790 daAuts
     D:6: 439 daAuts
  Temple: 222 daAuts
